 Dungeon Crawl Stone Soup version 0.31-a0-819-gf6de2f5ab6 (webtiles) character file.

Game seed: 13581681540133537560

30 qw the Shooter (level 3, -3/21 HPs)
             Began as a Gargoyle Hunter on Sept 23, 2023.
             Slain by a worm (7 damage)
             ... on level 2 of the Dungeon.
             The game lasted 00:00:18 (814 turns).

qw the Shooter (Gargoyle Hunter)                     Turns: 814, Time: 00:00:19

Health: -3/21      AC:  7    Str: 14    XL:     3   Next: 18%
Magic:  3/3        EV: 11    Int:  9    God:
Gold:   49         SH:  0    Dex: 15    Spells: 2/2 levels left

rFire   . . .        Y - +1 shortbow
rCold   . . .        (shield currently unavailable)
rNeg    + . .        c - +0 leather armour
rPois   inf          (no helmet)
rElec   +            (no cloak)
rCorr   .            f - +0 pair of gloves
SInv    .            (no boots)
Will    .....        (no amulet)
Stlth   ++           (no ring)
HPRegen 0.23/turn    (no ring)
MPRegen 0.08/turn

%: no passive effects
@: no status effects
A: sickness immunity, AC +3, negative energy resistance 1, electricity
resistance, torment resistance 1, petrification resistance
a: no special abilities


You were on level 2 of the Dungeon.
You visited 1 branch of the dungeon, and saw 2 of its levels.

You collected 49 gold pieces.


Innate Abilities, Weirdness & Mutations

You are immune to sickness and miasma.
Your stone body is resilient. (AC +3)
You are immune to poison.
You resist negative energy. (rN+)
You are resistant to electric shocks. (rElec)
You are resistant to unholy torment.
You are immune to petrification.


   Skills:
 + Level 2.3 Fighting
 - Level 5.0 Ranged Weapons
 - Level 1.5 Dodging
 - Level 1.1 Stealth


You had 2 spell levels left.
You didn't know any spells.
Your spell library was empty.

Inventory:

Hand Weapons
 Y - a +1 shortbow (weapon)
Armour
 c - a +0 leather armour (worn)
 f - a +0 pair of gloves (worn)
Potions
 g - a potion of invisibility {unknown}

Dungeon Overview and Level Annotations

Branches:
Dungeon (2/15)

Altars:


Message History

A goblin comes into view. It is wielding a +0 dagger.
You shoot an arrow. The arrow hits the goblin.
The goblin shouts!
The goblin is heavily wounded.
You shoot an arrow.
The arrow hits the goblin but does no damage.
The goblin is heavily wounded.
The goblin hits you but does no damage.
You shoot an arrow. The arrow hits the goblin.
You kill the goblin!
Things that are here:
a +0 dagger; a goblin corpse
Found a faded altar of an unknown god.
There is a faded altar of an unknown god here.
A worm comes into view.
You shoot an arrow. The arrow barely misses the worm.
You shoot an arrow. The arrow barely misses the worm.
You shoot an arrow.
The arrow hits the worm but does no damage.
You shoot an arrow. The arrow hits the worm!
The worm is heavily wounded.
The worm bites you!
You shoot an arrow. The arrow hits the worm.
The worm is heavily wounded.
The worm bites you!
You shoot an arrow. The arrow barely misses the worm.
You shoot an arrow.
The arrow hits the worm but does no damage.
The worm is heavily wounded.
The worm barely misses you.
You shoot an arrow. The arrow hits the worm!
The worm is almost dead.
The worm misses you.
You shoot an arrow. The arrow barely misses the worm.
The worm bites you.
You shoot an arrow. The arrow hits the worm.
The worm is almost dead.
You shoot an arrow. The arrow barely misses the worm.
The worm bites you!
You die...

#.##......... #.
##.##.#####.## #.
#..##.# #.# #.
#...).# #.# #.
#.###.# #.## #. #.#
#>#####... #.
##.###....%...#
#w###..............
#.@.._........###.#
##########..%......
#..#####.# # #.#
#.# #.# #.# #.. ###


You could see a worm.

Vanquished Creatures
  2 ball pythons (D:1)
  4 endoplasms (D:1)
  5 goblins
  3 hobgoblins (D:1)
  A kobold (D:1)
  A quokka (D:1)
  2 bats
  3 frilled lizards
  5 rats
26 creatures vanquished.

Notes
Turn   | Place    | Note
-------+----------+-------------------------------------------
     0 | D:1      | qw the Gargoyle Hunter began the quest for the Orb.
     0 | D:1      | Reached XP level 1. HP: 12/12 MP: 1/1
     0 | D:1      | 0 ||| qw: Version: 0.3-a-83-gcd0e7d8
     0 | D:1      | 0 ||| qw: Game counter: 1757
     0 | D:1      | 0 ||| qw: Melee chars always use a shield: true
     0 | D:1      | 0 ||| qw: God list: Okawaru
     0 | D:1      | 0 ||| qw: Allow faded altars: false
     0 | D:1      | 0 ||| qw: Do Orc after clearing Dungeon:15 true
     0 | D:1      | 0 ||| qw: Do second Lair branch before Depths: true
     0 | D:1      | 0 ||| qw: Lair rune preference: random
     0 | D:1      | 0 ||| qw: Goals: Normal
     0 | D:1      | 0 ||| PLANNING D:1-11
     3 | D:1      | 3 ||| Stepping ~*~*~tactically~*~*~ (water).
    87 | D:1      | Reached XP level 2. HP: 17/17 MP: 2/2
   495 | D:1      | Reached XP level 3. HP: 21/21 MP: 3/3
   668 | D:1      | 668 ||| UPGRADING to +0 pair of gloves.
   673 | D:1      | 673 ||| READING scroll labelled NIFIBE TAIGHA.
   674 | D:1      | 674 ||| READING 2 scrolls labelled WOM DEFENANN.
   675 | D:1      | 675 ||| DROPPING scroll of butterflies.
   676 | D:1      | 676 ||| DROPPING scroll of poison.
   762 | D:2      | Reached skill level 5 in Ranged Weapons
   794 | D:2      | Found a faded altar of an unknown god.
   812 | D:2      | HP: 3/21 [worm (4)]
   814 | D:2      | Slain by a worm

Levels and vault maps discovered:
D:1:      ncdulo_watergridlock, layout_loops_ring, minmay_domino_2
D:2:      layout_loops_ring, basic_ecumenical_altar

Skill      XL: |  1  2  3 |
---------------+----------+-----
Ranged Weapons | 5 |  5.0
Fighting       | |  2.3
Dodging        | |  1.5
Stealth        | |  1.1

Action                     || total
---------------------------++-------
   Fire: Shortbow          ||    68
    Use: Scroll            ||     2
 Armour: Leather armour    ||    18
  Dodge: Dodged            ||     7

Table legend:
 A = Non-vault XP
 B = Vault XP
 C = Vault XP percentage of total XP
 D = Non-vault monster count
 E = Vault monster count
 F = Vault count percentage of total count
                 A         B        C        D         E       F
            +---------+---------+-------+---------+---------+-------
      Total |      39 |       4 |   9.3 |      24 |       2 |   7.7
            +---------+---------+-------+---------+---------+-------
        D:1 |      32 |       4 |  11.1 |      19 |       2 |   9.5
        D:2 |       7 |       0 |   0.0 |       5 |       0 |   0.0
            +---------+---------+-------+---------+---------+-------
